 Dungeon Crawl Stone Soup version 0.20.0 (webtiles) character file.

1389279 Danakh the Victor of a Thousand Battles (level 27, -8/272 (273) HPs)
             Began as a Demonspawn Fighter on May 29, 2017.
             Was the Champion of Okawaru.
             Killed from afar by a Brimstone Fiend (42 damage)
             ... with damnation
             ... summoned by Misy
             ... on level 14 of a ziggurat on May 30, 2017.
             The game lasted 08:15:08 (80482 turns).

Danakh the Victor of a Thousand Battles (DsFi)     Turns: 80482, Time: 08:15:08

HP:   -8/272 (273)  AC: 49    Str: 33 (36) XL:     27
MP:   0/49          EV: 35    Int:  9      God:    Okawaru [******]
Gold: 15306         SH: 45    Dex: 25      Spells: 26/26 levels left

rFire    + + .     SeeInvis +   a - +9 broad axe (flame)
rCold    + + +     Gourm    .   T - +8 large shield {rC+}
rNeg     + + +     Faith    .   P - +12 crystal plate armour of the Old World {rC+ rN+}
rPois    +         Spirit   +   (helmet unavailable)
rElec    .         Reflect  .   Z - scarf {Spirit}
rCorr    +         Harm     .   V - +0 pair of gloves of the Catfish {Slay+3 SInv}
MR       ++...     Rnd*Rage +   h - +2 pair of boots {run}
Stlth    ..........             t - macabre finger necklace {rN+}
Regen    6.0/turn               v - ring "Faepiwok" {rF+ rN+ Dex+6 Slay+2}
MPRegen  0.4/turn               S - ring "Cas Gego" {rF+ MP+9 Str+7}
                                n - ring of Lawkorch {rCorr rPois Str+4 Int-2}

@: agile, heroism, finesse, very slightly contaminated, slowed, very slow
A: hooves 1, horns 3, large bone plates 3, berserk 1, cold resistance 1,
deterioration 2, negative energy resistance 1, sense surroundings 1, powered by
death 3, powered by pain 3, regeneration 1, robust 1, screaming 2, 50% torment
resistance, weak 1, evolution 1, black mark
}: 15/15 runes: decaying, serpentine, slimy, silver, golden, iron, obsidian,
icy, bone, abyssal, demonic, glowing, magical, fiery, dark
a: Heroism, Finesse, Renounce Religion


You were on level 14 of a ziggurat.
You worshipped Okawaru.
Okawaru was exalted by your worship.
You were very full.

You visited 18 branches of the dungeon, and saw 89 of its levels.
You visited Pandemonium 1 time, and saw 40 of its levels.
You visited the Abyss 4 times.
You visited 1 bazaar.
You visited 1 ziggurat, and saw 14 of its levels.
You also visited: Labyrinth, Trove, Ice Cave and Volcano.

You collected 18140 gold pieces.
You spent 2834 gold pieces at shops.

Inventory:

Hand Weapons
 a - a +9 broad axe of flaming (weapon)
Armour
 g - the +9 scales of the Dragon King {rPois rF+ rC+ MR+}
   (You found it on level 11 of a ziggurat)

   It protects you from fire.
   It protects you from cold.
   It protects you from poison.
   It affects your resistance to hostile enchantments.
 h - a +2 pair of boots of running (worn)
 x - the +8 orange crystal plate armour {Archmagi, Int+3 Clar}
   (Okawaru gifted it to you on level 11 of the Dungeon)

   It affects your intelligence (+3).
   It protects you against confusion.
 P - the +12 crystal plate armour of the Old World (worn) {rC+ rN+}
   (You acquired it in Pandemonium)

   It protects you from cold.
   It protects you from negative energy.
 T - a +8 large shield of cold resistance (worn)
 V - the +0 pair of gloves of the Catfish (worn) {Slay+3 SInv}
   (Okawaru gifted it to you in Pandemonium)

   It affects your accuracy and damage with ranged weapons and melee attacks
   (+3).
   It lets you see invisible.
 Z - a scarf of spirit shield (worn)
Jewellery
 n - the ring of Lawkorch (on amulet) {rCorr rPois Str+4 Int-2}
   (You found it on level 7 of the Iron City of Dis)

   [ring of resist corrosion]

   It affects your strength (+4).
   It affects your intelligence (-2).
   It protects you from poison.
 t - the macabre finger necklace (around neck) {rN+}
   (You took it off a yaktaur captain on level 5 of the Vaults)

   [amulet of nothing]

   It protects you from negative energy.
 v - the ring "Faepiwok" (left hand) {rF+ rN+ Dex+6 Slay+2}
   (You bought it in a shop on level 4 of the Snake Pit)

   [ring of positive energy]

   It affects your dexterity (+6).
   It affects your accuracy and damage with ranged weapons and melee attacks
   (+2).
   It protects you from fire.
   It protects you from negative energy.
 N - the ring of Tailai {rPois rF+ rN++ Str+2 Dex-3}
   (You found it in Pandemonium)

   [ring of poison resistance]

   It affects your strength (+2).
   It affects your dexterity (-3).
   It protects you from fire.
   It protects you from poison.
   It greatly protects you from negative energy.
 S - the ring "Cas Gego" (right hand) {rF+ MP+9 Str+7}
   (You found it on level 7 of Cocytus)

   [ring of magical power]

   It affects your strength (+7).
   It protects you from fire.
   It affects your magic capacity (+9).
 U - the ring "Xoismeag" {rElec MR- Str+4 Int+2 Dex+4}
   (You found it on level 5 of the Vaults)

   [ring of dexterity]

   It affects your strength (+4).
   It affects your intelligence (+2).
   It affects your dexterity (+4).
   It insulates you from electricity.
   It affects your resistance to hostile enchantments.
Wands
 k - a wand of lightning (9/15)
 q - a wand of digging (5/24)
 w - a wand of acid (7/15)
 C - a wand of scattershot (4/9)
 K - a wand of iceblast (15/15)
Scrolls
 b - 3 scrolls of silence
 c - 3 scrolls of enchant weapon
 d - 3 scrolls of enchant armour
 e - 13 scrolls of identify
 j - 15 scrolls of fog
 m - 28 scrolls of recharging
 o - 2 scrolls of torment
 p - 19 scrolls of teleportation
 B - 2 scrolls of brand weapon
 E - 8 scrolls of immolation
 G - 5 scrolls of blinking
 J - 8 scrolls of magic mapping
 O - 2 scrolls of summoning
 Q - 34 scrolls of remove curse
 R - 16 scrolls of fear
Potions
 l - 29 potions of curing
 r - 2 potions of mutation
 u - 4 potions of berserk rage
 y - 14 potions of brilliance
 z - 5 potions of haste
 A - 18 potions of heal wounds
 D - 3 potions of agility
 F - 7 potions of cancellation
 H - 9 potions of magic
 I - 8 potions of ambrosia
 M - a potion of resistance
 X - 3 potions of might
Comestibles
 f - 41 bread rations
 i - 13 meat rations


   Skills:
 O Level 27 Fighting
 O Level 27 Axes
 O Level 27 Armour
 + Level 23.6(27) Dodging
 O Level 27 Shields
 O Level 27 Invocations
 - Level 11.4 Evocations


You had 26 spell levels left.
You didn't know any spells.

Dungeon Overview and Level Annotations

Branches:
Dungeon (15/15)            Temple (1/1) D:5            Lair (6/6) D:11
  Swamp (4/4) Lair:2        Snake (4/4) Lair:4        Slime (5/5) Lair:6
    Orc (2/2) D:11            Elf (3/3) Orc:2        Vaults (5/5) D:14
  Crypt (3/3) Vaults:3       Tomb (3/3) Crypt:3      Depths (5/5) D:15
   Hell (1/1)                 Dis (7/7) Hell            Geh (7/7) Hell
    Coc (7/7) Hell            Tar (7/7) Hell            Zot (5/5) Depths:5

Altars:
Elyvilon
Fedhas
Kikubaaqudgha
Okawaru
Sif Muna
Vehumet
Xom
Yredelemnul
The Shining One
Jiyva

Shops:
D:6 (   D:8 (   D:11 *(   D:14 *   Orc:2 [(*:   Elf:1 *   Snake:4 =

Portals:
Hell: Depths:1 Depths:2 Depths:3 Depths:4 Depths:5
Abyss: Depths:1 Depths:2 Depths:4
Pandemonium: Depths:2 Depths:3 Depths:4
Ziggurat: Depths:1

Annotations:
D:8 exclusion: statue
Depths:5 2 runed doors


Innate Abilities, Weirdness & Mutations

You have a pair of large horns on your head.
You are completely covered in large bone plates. (SH +8)
You resist negative energy. (rN+)
You regenerate a lot of health from kills.
You are powered by pain.
You are somewhat able to resist unholy torments (1 in 2 success).
Your melee attacks may debilitate your foes.
You have large cloven feet.
You tend to lose your temper in combat.
Your flesh is cold resistant. (rC+)
Your body often deteriorates upon taking damage.
You passively map a small area around you.
Your natural rate of healing is unusually fast.
You are robust. (+10% HP)
You sometimes yell uncontrollably at your foes.
You are weak. (Str -2)
You evolve.


Message History

The frost giant convulses!
The red very ugly thing convulses!
You feel a surge of unholy energy.
The iron troll convulses!
The Killer Klown convulses! x2
The frost giant hits you but does no damage.
Mohep hits you.
* * * LOW HITPOINT WARNING * * *
You feel your power leaking away.
The Ice Fiend claws you but does no damage. x2
Misy hits you.
* * * LOW HITPOINT WARNING * * *
The Killer Klown blinks!
The reaper hits you but does no damage. Xiapobbe hits you but does no damage.
You can move again.
Blink to where?
Press: ? - help, Dir - move target cursor You are very lightly contaminated with residual magic.
As you read the scroll of blinking, it crumbles to dust.
The Brimstone Fiend gestures at you.
The sphere of damnation explodes!
The damnation engulfs you!
You die...

▓▓▓▓▓▓▓▓▓▓▓▓▓
▓▓...........▓
▓▓...X.2.......
▓▓[..T1XX.......
▓)[.t&&.X.......
▓▓$!".1CX&tX≈.....
▓▓∩?[).XXu1≈≈≈≈....
▓%@}p[...X≈≈#≈≈....
▓▓∩?=}....≈≈≈≈≈....
▓▓/(}.....§≈≈.....
▓▓|).............
▓▓..............
*▓.............
▓...........▓
▓▓▓▓▓▓▓▓▓▓▓▓


You could see Misy, Mohep, a Killer Klown, 2 tentacled monstrosities, a frost
giant shaped shifter, a red very ugly thing, a Brimstone Fiend, an Ice Fiend, an
iron troll, an apocalypse crab and 3 large abominations.

Vanquished Creatures
  Cerebov (Pan)
  Antaeus (Coc:7)
  Asmodeus (Geh:7)
  Ereshkigal (Tar:7)
  the Royal Jelly (Slime:5)
  Gloorx Vloq (Pan)
  A seraph (Pan)
  Lom Lobon (Pan)
  the Serpent of Hell (Tar:7)
  Mnoleg (Pan)
  The ghost of enarc13 the Warrior, a legendary TrEE of Ashenzari (Tomb:1)
  Dispater (Dis:7)
  Khufu (Crypt:2)
  3 ancient liches
  Mara (Tomb:3)
  Mennas (Tomb:3)
  An orb of fire (Zot:1)
  2 juggernauts
  32 greater mummies
  Sojobo (Crypt:2)
  Boris (twice) (Crypt:2 Tomb:3)
  Bai Suzhen (Depths:2)
  10 shard shrikes
  Frederick (Tomb:1)
  A Killer Klown (Zot:2)
  2 caustic shrikes (Zig:10)
  4 curse toes
  11 pandemonium lords
  11 bone dragons
  14 golden dragons
  Geryon (Hell)
  2 doom hounds
  13 Tzitzimimeh
  2 pearl dragons
  Jorgrun (Vaults:1)
  21 Brimstone Fiends
  2 iron giants
  5 hellephants
  3 electric golems
  9 Hell Sentinels
  A titan (Vaults:5)
  22 tentacled monstrosities
  7 liches
  4 Orb Guardians (Zot:5)
  19 Ice Fiends
  4 quicksilver dragons
  26 acid blobs
  3 deep elf blademasters
  36 Executioners
  3 deep elf master archers (Elf:3)
  12 sphinxes
  7 tentacled starspawn
  Gastronok (D:11)
  4 death cobs
  7 storm dragons
  3 thorn hunters
  19 ancient champions
  20 daevas
  18 shadow dragons
  9 tengu reavers
  5 revenants
  An azure jelly (shapeshifter) (Zig:14)
  15 azure jellies
  11 nagarajas
  18 fire giants
  3 deep elf sorcerers
  10 iron dragons (Dis:7)
  16 draconian monks
  8 blood saints
  5 draconian knights
  4 ghost moths
  17 vault wardens
  10 warmongers
  38 balrugs
  An orc warlord (Vaults:3)
  4 draconian scorchers
  28 cacodemons
  4 ghouls
  7 frost giants
  Louise (Depths:2)
  9 draconian shifters
  5 black suns (Pan)
  7 curse skulls
  8 deep elf elementalists
  9 draconian stormcallers
  Aizul (Vaults:2)
  A spriggan defender (Depths:3)
  27 very ugly things
  23 ironheart preservers
  20 angels
  11 draconian annihilators
  16 apis
  54 reapers
  16 stone giants
  4 elemental wellsprings
  12 corrupters
  14 war gargoyles
  15 yellow draconians
  8 deep elf annihilators
  9 green draconians
  11 ophanim
  22 lorocyprocas (Pan)
  16 vampire knights
  17 deep elf demonologists
  9 black draconians
  12 bennus
  14 purple draconians
  6 spark wasps
  16 red draconians
  8 dire elephants
  10 white draconians
  Snorg (D:12)
  The ghost of enarc13 the Demon Slayer, a journeyman CeFi of the Shining One (Lair:1)
  5 deep elf death magi
  8 eidola
  11 ettins
  14 death oozes
  A merfolk javelineer (Depths:3)
  18 green deaths
  26 blizzard demons
  21 mummy priests
  A minotaur (Lab)
  7 fire dragons
  6 quicksilver dragon zombies
  2 crystal guardians
  8 deep elf high priests
  18 great orbs of eyes
  6 kraken zombies
  18 yaktaur captains
  3 quicksilver dragon skeletons
  27 hydras
  23 jiangshi
  A merfolk impaler (Depths:3)
  11 rakshasas
  12 naga warriors
  4 monstrous demonspawn (Pan)
  7 hell beasts
  28 ice dragons
  The ghost of Raine357 the Summoner, a journeyman DsSu of Ru (Lair:2)
  44 vault guards
  8 death knights
  3 ghost crabs
  6 spriggan air magi
  18 centaur warriors
  8 anacondas
  A two-headed ogre (shapeshifter) (Vaults:2)
  53 two-headed ogres
  36 dancing weapons
  3 tengu warriors
  13 alligators
  15 deep troll shamans
  14 ogre magi
  18 thrashing horrors
  19 vampire magi
  5 death yaks (Lair:5)
  36 hell hogs
  4 deep troll earth magi
  36 death scarabs
  6 spriggan berserkers
  6 titan zombies
  3 orc high priests
  7 naga sharpshooters
  28 soul eaters
  2 storm dragon zombies
  103 skeletal warriors
  7 titan skeletons
  6 wretched stars (Abyss:3)
  31 sixfirhies
  31 deep elf knights
  2 iron golems
  Nergalle (Lair:3)
  4 shock serpents
  20 hell knights
  A fire crab (Lair:6)
  15 shadow wraiths
  2 ghost moth zombies
  39 sun demons
  A sea snake (Snake:1)
  A salamander mystic (Depths:2)
  6 iron trolls
  4 spatial maelstroms
  6 storm dragon skeletons
  A spark wasp zombie (Crypt:2)
  17 cherubim
  7 infernal demonspawn (Pan)
  A swamp dragon (shapeshifter) (Zig:14)
  A death drake (Swamp:3)
  A spriggan druid (Swamp:3)
  10 anaconda zombies
  3 golden dragon zombies
  A quicksilver dragon simulacrum (Abyss:3)
  A deep troll (shapeshifter) (Vaults:5)
  6 unseen horrors
  19 flayed ghosts
  8 wizards
  7 gelid demonspawn
  8 shadow dragon zombies
  4 shambling mangroves
  10 glowing orange brains
  A lindwurm (shapeshifter) (Abyss:3)
  14 torturous demonspawn (Pan)
  21 shadow demons
  41 deep trolls
  20 phantasmal warriors
  2 tengu zombies
  3 lindwurms
  14 swamp dragons
  An obsidian statue (Zig:10)
  5 naga ritualists
  10 deep elf archers
  A golden dragon skeleton (Coc:2)
  12 anaconda skeletons
  7 wolf spider zombies
  20 orc knights
  26 ironbrand convokers
  4 iron dragon zombies
  57 deep elf magi
  3 harpies (Vaults:1)
  13 necromancers
  7 oklob plants
  14 cyclopes
  A wolf spider (Vaults:2)
  6 stone giant zombies
  5 orc sorcerers
  52 ugly things
  11 shining eyes
  6 mana vipers
  3 shadow dragon skeletons
  12 salamanders
  A salamander (shapeshifter) (Abyss:4)
  4 manticores
  4 frost giant skeletons
  12 elephants
  4 frost giant zombies
  An elephant (shapeshifter) (Depths:5)
  A shock serpent zombie (Geh:7)
  2 iron dragon skeletons (Tar:7)
  4 fire giant zombies
  A worldbinder (Abyss:3)
  38 black mambas
  10 moths of wrath
  5 dire elephant zombies
  2 black mambas (shapeshifter)
  A moth of wrath (shapeshifter) (Depths:4)
  Joseph (D:13)
  2 ice statues (Hell)
  3 stone giant skeletons
  Maurice (D:12)
  15 vault sentinels
  4 guardian serpents
  10 molten gargoyles
  3 fire giant skeletons
  40 smoke demons
  6 eyes of devastation
  A gargoyle (D:14)
  26 orange demons
  19 naga magi
  2 titan simulacra (Coc:7)
  53 rust devils
  12 spiny frogs
  A spiny frog (shapeshifter) (Vaults:3)
  4 apocalypse crabs
  2 storm dragon simulacra (Coc:7)
  An emperor scorpion zombie (Tar:7)
  2 shock serpent skeletons
  2 rime drakes
  A purple draconian zombie (Crypt:3)
  A torpor snail (Zig:9)
  2 catoblepas zombies
  A komodo dragon (shapeshifter) (Vaults:1)
  50 freezing wraiths
  5 dire elephant skeletons
  5 spectral swamp worms (Depths:2)
  3 kobold demonologists
  7 swamp worm zombies (Swamp:3)
  22 hellions
  49 yaktaurs
  15 efreet
  A redback zombie (D:15)
  31 tormentors
  6 komodo dragons
  A red draconian zombie (Geh:7)
  A tengu conjurer (Depths:4)
  16 demonic crawlers
  2 anaconda simulacra
  28 ice devils
  43 red devils
  50 guardian mummies
  8 ancient zymes
  12 hydra zombies
  2 catoblepas skeletons
  17 hellwings
  2 meliai (shapeshifter)
  4 harpy zombies
  A jumping spider (shapeshifter) (D:14)
  12 trolls
  6 polar bears
  15 bog bodies
  8 hydra skeletons
  7 tyrant leeches
  A minotaur skeleton (Coc:4)
  15 hornets
  2 harpy skeletons
  5 ice dragon zombies
  106 slime creatures
  A sphinx simulacrum (Vaults:3)
  6 spectral swamp dragons (Swamp:3)
  2 polar bears (shapeshifter)
  33 blink frogs
  14 raiju
  A satyr zombie (Crypt:1)
  2 dream sheep
  9 hippogriffs
  A moth of wrath zombie (Crypt:3)
  A fire giant simulacrum (Vaults:4)
  6 alligator zombies
  4 ettin zombies
  86 flying skulls
  A snapping turtle (shapeshifter) (Vaults:5)
  Sigmund (D:3)
  6 fire dragon zombies
  53 starcursed masses
  5 air elementals
  3 wyverns
  5 ice dragon skeletons
  20 spriggans
  6 ettin skeletons
  3 fire dragon skeletons
  3 black mamba zombies
  6 vampires
  31 water elementals
  15 golden eyes
  58 large abominations
  24 ynoxinuls
  3 alligator skeletons
  3 yaks (shapeshifter)
  17 small abominations
  23 wraiths
  A golden eye (shapeshifter) (Vaults:2)
  18 ushabtiu
  2 basilisks
  A basilisk (shapeshifter) (Vaults:5)
  36 yaks
  4 tyrant leech zombies
  24 shadows
  17 chaos spawn
  29 fire elementals
  6 hungry ghosts
  21 vampire mosquitoes
  Grum (Lair:1)
  25 neqoxecs
  A death yak simulacrum (IceCv)
  A yaktaur simulacrum (Vaults:3)
  5 wargs
  3 steam dragons
  A soldier ant (D:10)
  15 swamp worms
  An infernal demonspawn zombie (Dis:6)
  9 spatial vortices
  44 nagas
  17 insubstantial wisps
  8 acid dragons
  17 water moccasins
  A deep troll skeleton (Crypt:1)
  59 hell hounds
  Duvessa (D:4)
  8 floating eyes
  4 hydra simulacra
  16 spiny frog zombies
  15 ice beasts
  9 porcupines
  18 swamp drakes
  12 necrophages
  2 hornet zombies
  An infernal demonspawn skeleton (Crypt:1)
  An alligator simulacrum (Coc:3)
  30 orc warriors
  4 phantoms
  8 snapping turtle zombies
  A fire dragon simulacrum (Abyss:3)
  2 black bears (shapeshifter)
  5 sky beasts
  2 manticore zombies
  3 spiny frog skeletons
  6 black bears
  An ettin simulacrum (Tomb:2)
  15 boggarts
  15 eyes of draining
  An ice dragon simulacrum (Coc:7)
  A manticore skeleton (Coc:3)
  21 wolves
  50 ogres
  2 swamp dragon zombies
  2 swamp dragon skeletons
  16 crocodiles
  22 centaurs
  4 snapping turtle skeletons
  A rime drake zombie (Crypt:3)
  A crocodile (shapeshifter) (Vaults:2)
  14 big kobolds
  17 bullfrogs
  A gnoll sergeant (D:12)
  3 earth elementals
  Dowan (D:4)
  2 spiny frog simulacra
  2 wyvern skeletons (D:12)
  4 scorpions
  2 troll zombies (Swamp:3)
  4 spriggan zombies
  2 human simulacra
  115 wights
  A polar bear zombie (Crypt:2)
  5 killer bees (D:7)
  A snapping turtle simulacrum (Crypt:3)
  5 howler monkeys
  3 swamp dragon simulacra (IceCv)
  3 spriggan skeletons
  An electric eel (Snake:1)
  4 bullfrog zombies
  2 centaur zombies
  11 crimson imps
  5 quasits
  15 orc wizards
  5 centaur skeletons
  4 hounds
  22 orc priests
  21 iron imps
  13 jellies
  2 bullfrog skeletons
  A human skeleton (Geh:7)
  7 iguanas
  9 worker ants
  A killer bee zombie (Crypt:2)
  A felid skeleton (Crypt:1)
  An ogre skeleton (Crypt:2)
  A dwarf skeleton (Crypt:2)
  A naga skeleton (Coc:7)
  A hound skeleton (D:11)
  53 mummies
  2 howler monkey zombies
  2 worker ant zombies
  11 gnolls
  A howler monkey skeleton (D:7)
  13 adders
  6 shadow imps
  14 white imps
  An ufetubus (Abyss:3)
  3 oozes
  A worm zombie (Crypt:1)
  2 adder skeletons
  3 worms
  A ball lightning (Pan)
  A barachi zombie (Crypt:1)
  3 leopard geckos
  78 orcs
  5 bats
  A bat skeleton (Crypt:2)
  8 giant cockroaches
  A gnoll zombie (Crypt:3)
  6 goblins
  4 hobgoblins
  5 quokkas
  2 ball pythons
  A ball python skeleton (Crypt:1)
  2 frilled lizards
  A frilled lizard skeleton (Crypt:1)
  A jackal skeleton (Crypt:2)
  A jackal zombie (D:7)
  42 kobolds
  A kobold skeleton (Geh:7)
  A kobold zombie (Dis:5)
  A leopard gecko skeleton (D:7)
  2 orc skeletons
  2 orc zombies
  6 rats
  A river rat skeleton (Crypt:3)
  2 briar patches (Swamp:3)
  A bush (Elf:1)
  5 crawling corpses (Vaults:5)
  2 fire vortices (Zig:14)
  6 fungi
  7 plants
  4 starspawn tentacles
  11 tentacles
  A withered plant (Swamp:3)
5092 creatures vanquished.

Vanquished Creatures (others)
  A greater mummy (Tomb:3)
  An Orb Guardian (Zot:5)
  An eldritch tentacle (Pan)
  A draconian monk (Zot:5)
  An elemental wellspring (Coc:7)
  A deep elf demonologist (Zig:13)
  A lorocyproca (Pan)
  A black draconian (Zot:2)
  A green death (Pan)
  A rakshasa (Pan)
  An anaconda (Zig:9)
  2 death scarabs (Tomb:2)
  3 hell hogs
  A spriggan berserker (Swamp:4)
  A shadow demon (Pan)
  2 deep trolls (Depths:5)
  A deep elf archer (Elf:1)
  A deep elf mage (Zig:13)
  2 black mambas
  A moth of wrath (Zot:5)
  A molten gargoyle (Geh:7)
  A smoke demon (Pan)
  A rime drake (Zig:11)
  A yaktaur (Vaults:5)
  An ice dragon skeleton (Tomb:2)
  2 vampires
  A ynoxinul (Pan)
  6 flying skulls
  A wraith (Geh:7)
  A vampire mosquito (Swamp:3)
  A hell hound (Dis:7)
  A water moccasin (Zig:10)
  A spiny frog zombie (Coc:7)
  A swamp drake (Zig:11)
  An ogre (Vaults:5)
  A boggart (Depths:3)
  A small abomination (Abyss:3)
  2 wights (Geh:7)
  3 mummies (Tomb:2)
  6 ball lightnings (Pan)
  10 briar patches
  2 fire vortices
  A fungus (Lair:3)
  A plant (Zig:7)
  27 starspawn tentacles
  34 tentacles
  2 withered plants (Swamp:3)
136 creatures vanquished.

Grand Total: 5228 creatures vanquished

Notes
Turn   | Place    | Note
-------+----------+-------------------------------------------
     0 | D:1      | Danakh the Demonspawn Fighter began the quest for the Orb.
     0 | D:1      | Reached XP level 1. HP: 18/18 MP: 1/1
    55 | D:1      | Gained mutation: You regenerate a little health from kills. [demonic ancestry]
    55 | D:1      | Reached XP level 2. HP: 19/24 MP: 2/2
   776 | D:2      | Gained mutation: You are partially covered in large bone plates. (SH +4) [demonic ancestry]
   776 | D:2      | Reached XP level 3. HP: 23/29 MP: 3/3
  1112 | D:2      | Found a faded altar of an unknown god.
  1115 | D:2      | Became a worshipper of Warmaster Okawaru
  1115 | D:2      | Reached * piety under Okawaru
  1372 | D:3      | Noticed Sigmund
  1508 | D:3      | Reached XP level 4. HP: 35/35 MP: 4/4
  1791 | D:3      | Reached skill level 1 in Invocations
  1835 | D:3      | Killed Sigmund
  1835 | D:3      | Gained mutation: You sometimes gain a little power by taking damage. [demonic ancestry]
  1835 | D:3      | Reached XP level 5. HP: 42/42 MP: 3/6
  1835 | D:3      | Gained mutation: You have a pair of small horns on your head. [demonic ancestry]
  1835 | D:3      | Reached XP level 6. HP: 48/48 MP: 3/7
  2268 | D:4      | Reached ** piety under Okawaru
  2467 | D:4      | Noticed Duvessa
  2469 | D:4      | Noticed Dowan
  2476 | D:4      | Killed Duvessa
  2483 | D:4      | Killed Dowan
  2483 | D:4      | Reached XP level 7. HP: 50/55 MP: 6/9
  3042 | D:5      | Entered Level 5 of the Dungeon
  3051 | D:5      | Reached skill level 5 in Fighting
  3055 | D:5      | Found an iron altar of Okawaru.
  3093 | D:5      | Reached *** piety under Okawaru
  3101 | D:5      | You fall through a shaft!
  3101 | D:6      | Found Hograwodgh's Weapon Boutique.
  3115 | D:6      | Reached skill level 5 in Axes
  3115 | D:6      | Gained mutation: You sometimes gain power by taking damage. [demonic ancestry]
  3115 | D:6      | Reached XP level 8. HP: 47/62 MP: 11/11
  3420 | D:6      | Reached skill level 5 in Invocations
  3506 | D:5      | Reached **** piety under Okawaru
  3534 | D:5      | Found a blossoming altar of Fedhas.
  3675 | D:5      | Found a staircase to the Ecumenical Temple.
  4106 | D:6      | Reached skill level 5 in Armour
  4271 | D:6      | Reached skill level 5 in Shields
  4527 | D:7      | Found a white marble altar of Elyvilon.
  4568 | D:7      | Gained mutation: You have a pair of horns on your head. [demonic ancestry]
  4568 | D:7      | Reached XP level 9. HP: 31/69 MP: 11/13
  4611 | D:7      | HP: 3/69 [poisoned by a killer bee]
  4953 | D:7      | Found a glowing golden altar of the Shining One.
  5298 | D:7      | Reached ***** piety under Okawaru
  5552 | D:8      | Found a radiant altar of Vehumet.
  5742 | D:8      | Found a white marble altar of Elyvilon.
  5774 | D:8      | Noticed a two-headed ogre
  6025 | D:7      | Killed a two-headed ogre
  6025 | D:7      | Reached XP level 10. HP: 27/77 MP: 13/15
  6337 | D:8      | Found Gaiphar's Weapon Emporium.
  6795 | D:9      | Received a gift from Okawaru
  7568 | D:10     | Entered Level 10 of the Dungeon
  8372 | D:10     | Found a portal to a secret trove of treasure.
  8946 | D:11     | Found Liyjuj's Weapon Shop.
  9094 | D:11     | Found a staircase to the Lair.
  9125 | D:11     | Noticed Gastronok
  9142 | D:11     | Killed Gastronok
  9142 | D:11     | Reached skill level 1 in Evocations
  9142 | D:11     | Gained mutation: You are mostly covered in large bone plates. (SH +6) [demonic ancestry]
  9142 | D:11     | Reached XP level 11. HP: 86/86 MP: 10/17
  9157 | D:11     | Found Angic's General Store.
  9466 | D:11     | Found a staircase to the Orcish Mines.
  9536 | D:11     | Received a gift from Okawaru
  9612 | D:11     | Noticed a white ugly thing
  9933 | D:11     | Killed a white ugly thing
 10097 | D:12     | Noticed Maurice
 10106 | D:12     | Killed Maurice
 10160 | D:12     | Noticed a death knight
 10177 | D:12     | Killed a death knight
 10458 | D:12     | Noticed Snorg
 10494 | D:12     | Killed Snorg
 10494 | D:12     | Reached skill level 10 in Axes
 10494 | D:12     | Reached skill level 10 in Invocations
 10539 | D:12     | Noticed a two-headed ogre
 10547 | D:12     | Killed a two-headed ogre
 10850 | D:12     | Got a clouded golden ring
 10852 | D:12     | Identified the ring "Siagen" {rCorr Dex+4} (You took it off a gnoll on level 12 of the Dungeon)
 10912 | D:12     | Reached XP level 12. HP: 56/94 MP: 19/19
 11017 | D:12     | Noticed a two-headed ogre
 11027 | D:12     | Killed a two-headed ogre
 11170 | D:12     | Noticed a two-headed ogre
 11184 | D:12     | Killed a two-headed ogre
 11388 | Lair:1   | Entered Level 1 of the Lair of Beasts
 11613 | Lair:1   | Received a gift from Okawaru
 12211 | Lair:1   | Noticed enarc13's ghost (journeyman CeFi)
 12228 | Lair:1   | Killed enarc13's ghost
 12359 | Lair:1   | Noticed Grum
 12387 | Lair:1   | Killed Grum
 12543 | Lair:2   | Noticed Raine357's ghost (journeyman DsSu)
 12555 | Lair:1   | Reached skill level 5 in Evocations
 12860 | Lair:2   | Received a gift from Okawaru
 13077 | Lair:2   | Noticed a seven-headed hydra
 13690 | Lair:2   | Found a staircase to the Swamp.
 13722 | Lair:2   | Killed Raine357's ghost
 13799 | Lair:2   | Killed a seven-headed hydra
 13904 | Lair:2   | Reached XP level 13. HP: 99/102 MP: 21/21
 14125 | Lair:3   | Noticed Nergalle
 14138 | Lair:3   | Killed Nergalle
 14152 | Lair:3   | Found a dark tunnel.
 14163 | Volcano  | Entered a volcano
 14559 | Volcano  | Received a gift from Okawaru
 15068 | Lair:3   | Reached skill level 10 in Fighting
 16355 | Lair:4   | Found a staircase to the Snake Pit.
 17507 | Lair:5   | Received a gift from Okawaru
 17518 | Lair:5   | Reached ****** piety under Okawaru
 17754 | Lair:6   | Entered Level 6 of the Lair of Beasts
 17846 | Lair:6   | Gained mutation: You are completely covered in large bone plates. (SH +8) [demonic ancestry]
 17846 | Lair:6   | Reached XP level 14. HP: 110/111 MP: 22/22
 17968 | Lair:6   | Paralysed by a hornet for 2 turns
 18060 | Lair:6   | Received a gift from Okawaru
 18095 | Lair:6   | Got a polished battleaxe {god gift}
 18101 | Lair:6   | Identified the +4 battleaxe "Becwuuk" {chop, +Rage rC- MR- Int+8} (Okawaru gifted it to you on level 6 of the Lair of Beasts)
 18424 | Lair:6   | Found a frozen archway.
 18438 | IceCv    | Entered an ice cave
 18677 | IceCv    | Reached skill level 10 in Shields
 19006 | Lair:6   | Found a staircase to the Slime Pits.
 19170 | Lair:6   | Reached skill level 10 in Armour
 19785 | Orc:1    | Entered Level 1 of the Orcish Mines
 19786 | Orc:1    | Paralysed by an orc sorcerer for 2 turns
 19794 | Orc:1    | Received a gift from Okawaru
 20075 | Orc:2    | Entered Level 2 of the Orcish Mines
 20425 | Orc:2    | Gained mutation: You resist negative energy. (rN+) [demonic ancestry]
 20425 | Orc:2    | Reached XP level 15. HP: 119/119 MP: 12/23
 20439 | Orc:2    | Found Xoell's Assorted Antiques.
 20440 | Orc:2    | Found a staircase to the Elven Halls.
 20442 | Orc:2    | Found Omucrixo's Antique Armour Shoppe.
 20447 | Orc:2    | Found Quag's Book Boutique.
 20448 | Orc:2    | Found Rewet's Weapon Shop.
 21015 | Orc:2    | Bought a fine shield for 285 gold pieces
 21015 | Orc:2    | Bought a pair of embroidered gloves for 225 gold pieces
 21035 | Orc:2    | Identified the cursed +0 shield of the Barracuda {rElec} (You bought it in a shop on level 2 of the Orcish Mines)
 21052 | Orc:2    | Bought a pair of glowing boots for 187 gold pieces
 21052 | Orc:2    | Bought a pair of glowing gloves for 187 gold pieces
 21163 | D:13     | Received a gift from Okawaru
 21164 | D:13     | Got a fine shield {god gift}
 21330 | D:13     | Noticed Joseph
 21341 | D:13     | Killed Joseph
 22017 | D:14     | Found a gate to the Vaults.
 22050 | D:14     | Found Waag's Changing Room.
 22692 | D:15     | Entered Level 15 of the Dungeon
 22692 | D:15     | Found a shimmering altar of Xom.
 22785 | D:15     | Found a labyrinth entrance.
 22818 | Lab      | Entered a labyrinth
 23084 | Lab      | Got a brightly glowing fustibalus
 23091 | Lab      | Identified the Almanac of Damaging Summoning
 23167 | D:15     | Received a gift from Okawaru
 23168 | D:15     | Got a pitted crystal plate armour {god gift}
 23179 | D:15     | Identified the +3 crystal plate armour "Heudghyir" {+Inv Regen+ Str+8} (Okawaru gifted it to you on level 15 of the Dungeon)
 23461 | D:15     | Found a staircase to the Depths.
 23983 | Swamp:1  | Entered Level 1 of the Swamp
 24605 | Swamp:2  | Noticed a thorn hunter
 24619 | Swamp:2  | Killed a thorn hunter
 25057 | Swamp:2  | Reached XP level 16. HP: 127/127 MP: 24/24
 25142 | Swamp:2  | Reached skill level 15 in Axes
 25603 | Swamp:3  | Reached skill level 10 in Evocations
 25628 | Swamp:3  | Received a gift from Okawaru
 26833 | D:11     | Identified the +3 shield of the Lotus Blossom {rPois rC+ Dex+2} (Okawaru gifted it to you on level 13 of the Dungeon)
 27002 | Swamp:3  | Noticed a thorn hunter
 27017 | Swamp:3  | Killed a thorn hunter
 27017 | Swamp:3  | Received a gift from Okawaru
 27038 | Swamp:2  | Identified a scroll of acquirement
 27745 | Swamp:4  | Entered Level 4 of the Swamp
 28063 | Swamp:4  | Received a gift from Okawaru
 28091 | Swamp:4  | Noticed a thorn hunter
 28101 | Swamp:4  | Killed a thorn hunter
 28228 | Swamp:4  | Got a decaying rune of Zot
 28447 | Swamp:4  | Gained mutation: You have a pair of large horns on your head. [demonic ancestry]
 28447 | Swamp:4  | Reached XP level 17. HP: 134/136 MP: 25/25
 28745 | Snake:1  | Entered Level 1 of the Snake Pit
 28827 | Snake:1  | Gained mutation: You are somewhat resistant to further mutation. [mutagenic meat]
 29391 | Snake:1  | Received a gift from Okawaru
 29707 | Snake:1  | Got a scorched jade amulet
 29709 | Snake:1  | Identified the amulet "Keofeegi" {+Rage rF+ Int+4 Dex+3} (You found it on level 1 of the Snake Pit)
 29747 | Snake:1  | You are sucked into a shaft!
 31241 | Snake:4  | Entered Level 4 of the Snake Pit
 31369 | Snake:4  | Found Roigrod's Jewellery Boutique.
 31379 | Snake:4  | Bought the ring "Faepiwok" {rF+ rN+ Dex+6 Slay+2} for 770 gold pieces
 32135 | Snake:4  | Received a gift from Okawaru
 32339 | Snake:4  | Reached XP level 18. HP: 100/145 MP: 24/26
 32531 | Snake:4  | Got a pair of polished boots {god gift}
 32542 | Snake:4  | Identified the +1 pair of boots "Seovimur" {+Blink rN+} (Okawaru gifted it to you on level 4 of the Snake Pit)
 32780 | Snake:4  | Got a serpentine rune of Zot
 33103 | Elf:1    | Entered Level 1 of the Elven Halls
 33351 | Elf:1    | Noticed an Ice Fiend
 33351 | Elf:1    | Noticed a Tzitzimitl
 33358 | Elf:1    | Noticed a Hell Sentinel
 33428 | Elf:1    | Found Qiroshras's Assorted Antiques.
 33522 | D:11     | Bought a scroll of enchant armour for 82 gold pieces
 33522 | D:11     | Bought a scroll of blinking for 82 gold pieces
 33983 | Elf:1    | Received a gift from Okawaru
 34321 | Elf:2    | Found a huge runed gate.
 34321 | Elf:2    | Found a huge runed gate.
 34321 | Elf:2    | Found a huge runed gate.
 34321 | Elf:2    | Found a huge runed gate.
 34322 | Elf:2    | Found a huge runed gate.
 34614 | Elf:2    | Received a gift from Okawaru
 34770 | Elf:2    | Received a gift from Okawaru
 35120 | Elf:3    | Entered Level 3 of the Elven Halls
 35647 | Elf:3    | Found a deep blue altar of Sif Muna.
 35714 | Elf:3    | Gained mutation: You are somewhat able to resist unholy torments (1 in 2 success). [demonic ancestry]
 35714 | Elf:3    | Reached XP level 19. HP: 141/153 MP: 23/27
 35751 | Elf:3    | Cast into level 3 of the Abyss (a deep elf sorcerer)
 35799 | Abyss:3  | Noticed a bone dragon
 35832 | Abyss:3  | Killed a bone dragon
 35832 | Abyss:3  | Received a gift from Okawaru
 36022 | Abyss:3  | Reached skill level 15 in Fighting
 36024 | Abyss:3  | Paralysed by accursed screaming for 1 turns
 36089 | Abyss:3  | Noticed a profane servitor
 36797 | Abyss:4  | Received a gift from Okawaru
 36816 | Abyss:5  | Entered Level 5 of the Abyss
 36949 | Abyss:5  | Paralysed by accursed screaming for 1 turns
 36957 | Abyss:5  | Noticed a hellephant
 36958 | Abyss:5  | Paralysed by accursed screaming for 2 turns
 36973 | Abyss:5  | Paralysed by accursed screaming for 2 turns
 36984 | Abyss:5  | Killed a hellephant
 36985 | Elf:3    | Escaped the Abyss
 36989 | Elf:3    | Gained mutation: Your melee attacks may debilitate your foes. [demonic ancestry]
 36989 | Elf:3    | Reached XP level 20. HP: 60/163 MP: 15/28
 37263 | Elf:3    | Got a scintillating steel amulet
 37281 | Elf:3    | Cast into level 3 of the Abyss (a deep elf demonologist)
 37287 | Abyss:3  | Found a corrupted altar of Lugonu.
 37584 | Abyss:3  | Found a corrupted altar of Lugonu.
 37647 | Abyss:3  | Identified the amulet "Welubeh" {Gourm rElec} (You took it off a deep elf master archer on level 3 of the Elven Halls)
 37670 | Abyss:3  | Received a gift from Okawaru
 37765 | Abyss:3  | Found a shadowy altar of Dithmenos.
 37863 | Abyss:3  | Found a shadowy altar of Dithmenos.
 37903 | Abyss:3  | Noticed a bone dragon
 37928 | Abyss:3  | Killed a bone dragon
 37998 | Abyss:3  | Gained mutation: You occasionally shout uncontrollably at your foes. [a neqoxec]
 38122 | Abyss:3  | Reached skill level 15 in Armour
 38169 | Abyss:4  | Reached skill level 15 in Shields
 38249 | Abyss:4  | Found a corrupted altar of Lugonu.
 38285 | Abyss:4  | Received a gift from Okawaru
 38294 | Abyss:4  | Got an abyssal rune of Zot
 38543 | Elf:3    | Escaped the Abyss
 38577 | Elf:3    | Cast into level 3 of the Abyss (a deep elf demonologist)
 38646 | Elf:3    | Escaped the Abyss
 38655 | Elf:3    | Received a gift from Okawaru
 38700 | Elf:3    | Got a transparent marble ring
 38779 | Elf:3    | Identified the cursed ring of Divine Compulsion {Str+4 Dex-3} (You took it off a deep elf annihilator on level 3 of the Elven Halls)
 38872 | Elf:3    | Got a scorched ivory ring
 38875 | Elf:3    | Identified the ring of Wapiteqe {rPois rC+ Dex+4} (You took it off a deep elf mage on level 3 of the Elven Halls)
 38915 | Elf:3    | Identified the Catalogue of Toxins and Malediction
 38935 | Elf:3    | Identified the Handbook of Clay and Transmigration
 38943 | Elf:3    | Identified Sif Muna's Tome of Destructive Transmutation
 39175 | Vaults:1 | Entered Level 1 of the Vaults
 39275 | Vaults:1 | Gained mutation: You regenerate health from kills. [demonic ancestry]
 39275 | Vaults:1 | Reached XP level 21. HP: 156/171 MP: 26/29
 39343 | Vaults:1 | Gained mutation: You sometimes yell uncontrollably at your foes. [mutagenic meat]
 39344 | Vaults:1 | Gained mutation: Your spells are a little harder to cast, but a little more powerful. [mutagenic meat]
 39625 | Vaults:1 | Received a gift from Okawaru
 39753 | Vaults:1 | Lost mutation: You are somewhat resistant to further mutation. [mutagenic meat]
 39755 | Vaults:1 | Gained mutation: You possess an exceptional clarity of mind. [mutagenic meat]
 39905 | Vaults:1 | Noticed Jorgrun
 39923 | Vaults:1 | Killed Jorgrun
 39934 | Vaults:1 | Lost mutation: You possess an exceptional clarity of mind. [mutagenic meat]
 40000 | Vaults:1 | Lost mutation: You sometimes yell uncontrollably at your foes. [potion of mutation]
 40000 | Vaults:1 | Lost mutation: You occasionally shout uncontrollably at your foes. [potion of mutation]
 40000 | Vaults:1 | Lost mutation: Your spells are a little harder to cast, but a little more powerful. [potion of mutation]
 40000 | Vaults:1 | Gained mutation: Your natural rate of healing is unusually fast. [potion of mutation]
 40000 | Vaults:1 | Gained mutation: Your spells are a little easier to cast, but a little less powerful. [potion of mutation]
 40000 | Vaults:1 | Gained mutation: Your mind is acute. (Int +2) [potion of mutation]
 40282 | Vaults:1 | Gained mutation: You are clumsy. (Dex -2) [mutagenic meat]
 40283 | Vaults:1 | Lost mutation: You are clumsy. (Dex -2) [mutagenic meat]
 40284 | Vaults:1 | Gained mutation: You possess an exceptional clarity of mind. [mutagenic meat]
 40778 | Vaults:2 | Noticed Aizul
 40791 | Vaults:2 | Killed Aizul
 41062 | Vaults:2 | Received a gift from Okawaru
 41300 | Vaults:2 | Reached XP level 22. HP: 131/180 MP: 18/30
 41389 | Vaults:2 | Identified the Papyrus of Unholy Clay
 41977 | Vaults:3 | Received a gift from Okawaru
 41982 | Vaults:3 | Got a scorched plate armour {god gift}
 41993 | Vaults:3 | Identified the +8 plate armour of Feasting {*Corrode Str+7} (Okawaru gifted it to you on level 3 of the Vaults)
 42256 | Vaults:3 | Found a staircase to the Crypt.
 42256 | Vaults:3 | Found a basalt altar of Yredelemnul.
 42257 | Vaults:3 | Found an ancient bone altar of Kikubaaqudgha.
 42603 | Vaults:3 | Cast into level 3 of the Abyss (a deep elf demonologist)
 42633 | Vaults:3 | Escaped the Abyss
 42803 | Vaults:3 | Received a gift from Okawaru
 44031 | Vaults:4 | Reached XP level 23. HP: 188/188 MP: 31/31
 44194 | Crypt:1  | Entered Level 1 of the Crypt
 44195 | Crypt:1  | Paralysed by a vampire knight for 5 turns
 44207 | Crypt:1  | Received a gift from Okawaru
 44427 | Crypt:1  | Paralysed by a vampire knight for 3 turns
 44969 | Crypt:2  | Noticed Boris
 44985 | Crypt:2  | Killed Boris
 45070 | Crypt:2  | Noticed Sojobo
 45103 | Crypt:2  | Killed Sojobo
 45281 | Crypt:2  | Noticed a greater mummy
 45283 | Crypt:2  | Noticed Khufu
 45285 | Crypt:2  | Noticed a greater mummy
 45295 | Crypt:2  | Killed a greater mummy
 45295 | Crypt:2  | Received a gift from Okawaru
 45306 | Crypt:2  | Killed a greater mummy
 45318 | Crypt:2  | Killed Khufu
 45321 | Crypt:2  | Got a polished broad axe {god gift}
 45322 | Crypt:2  | Identified the +5 broad axe of Ragnarok {drain, rElec rF- Str+4} (Okawaru gifted it to you on level 2 of the Crypt)
 45780 | Crypt:3  | Entered Level 3 of the Crypt
 45810 | Crypt:3  | Received a gift from Okawaru
 45852 | Crypt:3  | Gained mutation: You are powered by pain. [demonic ancestry]
 45852 | Crypt:3  | Reached XP level 24. HP: 195/197 MP: 31/31
 45964 | Crypt:3  | Found a basalt altar of Yredelemnul.
 45967 | Crypt:3  | Found an ancient bone altar of Kikubaaqudgha.
 46183 | Crypt:3  | Received a gift from Okawaru
 46205 | Crypt:3  | Found a staircase to the Tomb.
 46723 | Vaults:5 | Entered Level 5 of the Vaults
 46737 | Vaults:5 | Reached skill level 1 in Dodging
 46813 | Vaults:5 | Received a gift from Okawaru
 46848 | Vaults:4 | Received a gift from Okawaru
 46848 | Vaults:4 | Gained mutation: You regenerate a lot of health from kills. [demonic ancestry]
 46848 | Vaults:4 | Reached XP level 25. HP: 204/205 MP: 10/32
 46912 | Vaults:5 | Received a gift from Okawaru
 46912 | Vaults:5 | Reached skill level 5 in Dodging
 46929 | Vaults:5 | Received a gift from Okawaru
 47500 | Vaults:5 | Identified the Tome of Benedictions
 47548 | Vaults:5 | Got faintly glowing swamp dragon scales
 47559 | Vaults:5 | Identified the +1 swamp dragon scales of the Lich-sworn {rElec rPois Int+2 Dex+5} (You found it on level 5 of the Vaults)
 47661 | Vaults:5 | Got a steaming marble ring
 47663 | Vaults:5 | Identified the ring "Xoismeag" {rElec MR- Str+4 Int+2 Dex+4} (You found it on level 5 of the Vaults)
 47732 | Vaults:5 | Got a silver rune of Zot
 48153 | Slime:1  | Entered Level 1 of the Pits of Slime
 48932 | Slime:3  | Lost mutation: You possess an exceptional clarity of mind. [a shining eye]
 49016 | Slime:3  | Paralysed by a great orb of eyes for 3 turns
 49374 | Slime:4  | Gained mutation: You are frail. (-10% HP) [a shining eye]
 49445 | Slime:4  | Gained mutation: You expend magic power (3 MP) to strengthen your wands. [a shining eye]
 50073 | Slime:4  | Paralysed by a great orb of eyes for 2 turns
 50077 | Slime:4  | Gained mutation: You tend to lose your temper in combat. [a shining eye]
 50122 | Slime:4  | Paralysed by a great orb of eyes for 3 turns
 50188 | Slime:5  | Entered Level 5 of the Pits of Slime
 50207 | Slime:5  | Received a gift from Okawaru
 50253 | Slime:5  | Gained mutation: You occasionally shout uncontrollably at your foes. [a shining eye]
 50256 | Slime:5  | Gained mutation: You often lose your temper in combat. [a shining eye]
 50258 | Slime:5  | Gained mutation: Scrolls take you a little longer to read. [a shining eye]
 50307 | Slime:5  | Reached XP level 26. HP: 179/192 MP: 30/33
 50326 | Slime:5  | Gained mutation: You have an uncontrollable temper. [a shining eye]
 50358 | Slime:5  | Paralysed by a great orb of eyes for 4 turns
 50514 | Slime:5  | Lost mutation: Scrolls take you a little longer to read. [potion of mutation]
 50514 | Slime:5  | Lost mutation: You are frail. (-10% HP) [potion of mutation]
 50514 | Slime:5  | Lost mutation: Your spells are a little easier to cast, but a little less powerful. [potion of mutation]
 50514 | Slime:5  | Lost mutation: You expend magic power (3 MP) to strengthen your wands. [potion of mutation]
 50514 | Slime:5  | Lost mutation: You have an uncontrollable temper. [potion of mutation]
 50514 | Slime:5  | Lost mutation: Your mind is acute. (Int +2) [potion of mutation]
 50514 | Slime:5  | Gained mutation: You can translocate small distances at will. [potion of mutation]
 50514 | Slime:5  | Gained mutation: You are weak. (Str -2) [potion of mutation]
 50514 | Slime:5  | Gained mutation: You have large cloven feet. [potion of mutation]
 50515 | Slime:5  | Lost mutation: You occasionally shout uncontrollably at your foes. [potion of mutation]
 50515 | Slime:5  | Lost mutation: You are weak. (Str -2) [potion of mutation]
 50515 | Slime:5  | Lost mutation: You often lose your temper in combat. [potion of mutation]
 50515 | Slime:5  | Gained mutation: Your spells are a little easier to cast, but a little less powerful. [potion of mutation]
 50515 | Slime:5  | Gained mutation: You evolve. [potion of mutation]
 50515 | Slime:5  | Gained mutation: You have supernaturally acute eyesight. (SInv) [potion of mutation]
 50530 | Slime:5  | Noticed the Royal Jelly
 50531 | Slime:5  | Found a viscous altar of Jiyva.
 50567 | Slime:5  | Killed the Royal Jelly
 50582 | Slime:5  | Got a fine marble ring
 50584 | Slime:5  | Identified the ring of the Sun {rPois MR- Str+4} (You found it on level 5 of the Pits of Slime)
 50637 | Slime:5  | Identified Cuuqoc's Tome of the Warrior-Mage
 50658 | Slime:5  | Got a pitted war axe
 50659 | Slime:5  | Identified the +3 war axe of the Everdark {protect, rPois MR+} (You found it on level 5 of the Pits of Slime)
 50695 | Slime:5  | Got a slimy rune of Zot
 51150 | Temple   | Entered the Ecumenical Temple
 51473 | Tomb:1   | Entered Level 1 of the Tomb of the Ancients
 51600 | Tomb:1   | Noticed Frederick
 51611 | Tomb:1   | Killed Frederick
 51640 | Tomb:1   | Noticed enarc13's ghost (legendary TrEE)
 51660 | Tomb:1   | Reached skill level 15 in Invocations
 51662 | Tomb:1   | Received a gift from Okawaru
 51724 | Tomb:1   | Killed enarc13's ghost
 51883 | Tomb:1   | Noticed a greater mummy
 51902 | Tomb:1   | Killed a greater mummy
 52000 | Tomb:1   | Gained mutation: Your mind is acute. (Int +2) [evolution]
 52257 | Tomb:2   | Noticed a greater mummy
 52259 | Tomb:2   | Noticed a greater mummy
 52261 | Tomb:2   | Noticed a greater mummy
 52264 | Tomb:2   | Noticed a greater mummy
 52271 | Tomb:2   | Noticed a greater mummy
 52279 | Tomb:2   | Killed a greater mummy
 52281 | Tomb:2   | HP: 13/325 [death scarab[a greater mummy] (12)]
 52285 | Tomb:2   | Killed a greater mummy
 52290 | Tomb:2   | Killed a greater mummy
 52294 | Tomb:2   | Killed a greater mummy
 52314 | Tomb:2   | Killed a greater mummy
 52614 | Tomb:2   | Received a gift from Okawaru
 52998 | Tomb:1   | Noticed a greater mummy
 53014 | Tomb:1   | Killed a greater mummy
 53014 | Tomb:1   | Reached XP level 27. HP: 223/223 MP: 35/35
 53016 | Tomb:1   | Noticed a greater mummy
 53018 | Tomb:1   | Noticed a greater mummy
 53029 | Tomb:1   | Killed a greater mummy
 53035 | Tomb:1   | Noticed a greater mummy
 53039 | Tomb:1   | Killed a greater mummy
 53047 | Tomb:1   | Killed a greater mummy
 53062 | Tomb:1   | Noticed a greater mummy
 53069 | Tomb:1   | Killed a greater mummy
 53094 | Tomb:1   | Noticed a greater mummy
 53108 | Tomb:1   | Killed a greater mummy
 53187 | Tomb:1   | Noticed a greater mummy
 53212 | Tomb:1   | Noticed a greater mummy
 53217 | Tomb:1   | Killed a greater mummy
 53219 | Tomb:1   | Noticed a greater mummy
 53230 | Tomb:1   | Killed a greater mummy
 53242 | Tomb:1   | Killed a greater mummy
 53249 | Tomb:1   | Noticed a greater mummy
 53268 | Tomb:1   | Killed a greater mummy
 53404 | Tomb:1   | Noticed a greater mummy
 53438 | Tomb:1   | Killed a greater mummy
 53581 | Tomb:1   | Noticed a greater mummy
 53614 | Tomb:1   | Killed a greater mummy
 53723 | Tomb:1   | Noticed a greater mummy
 53737 | Tomb:1   | Noticed a greater mummy
 53737 | Tomb:1   | Killed a greater mummy
 53758 | Tomb:1   | Killed a greater mummy
 53805 | Tomb:1   | Noticed a greater mummy
 53920 | Tomb:1   | Killed a greater mummy
 54001 | Tomb:1   | Noticed a greater mummy
 54014 | Tomb:1   | Killed a greater mummy
 54014 | Tomb:1   | Received a gift from Okawaru
 54101 | Tomb:1   | Noticed a greater mummy
 54120 | Tomb:1   | Killed a greater mummy
 54120 | Tomb:1   | Reached skill level 10 in Dodging
 54245 | Tomb:1   | Received a gift from Okawaru
 54262 | Tomb:1   | Lost mutation: You can translocate small distances at will. [evolution]
 54481 | Tomb:3   | Entered Level 3 of the Tomb of the Ancients
 54481 | Tomb:3   | Noticed Mara
 54491 | Tomb:3   | Killed Mara
 54518 | Tomb:3   | Noticed Boris
 54522 | Tomb:3   | Noticed a greater mummy
 54522 | Tomb:3   | Noticed Mennas
 54523 | Tomb:3   | Noticed a greater mummy
 54527 | Tomb:3   | Noticed a greater mummy
 54531 | Tomb:3   | Noticed a greater mummy
 54535 | Tomb:3   | Killed Boris
 54546 | Tomb:3   | Killed a greater mummy
 54547 | Tomb:3   | Killed Mennas
 54548 | Tomb:3   | Killed a greater mummy
 54673 | Tomb:3   | Killed a greater mummy
 54678 | Tomb:3   | Killed a greater mummy
 54912 | Tomb:3   | Noticed a greater mummy
 54923 | Tomb:3   | Killed a greater mummy
 54932 | Tomb:3   | Noticed a greater mummy
 54951 | Tomb:3   | Killed a greater mummy
 55010 | Tomb:3   | Received a gift from Okawaru
 55118 | Tomb:3   | Identified the Papyrus of the Bruised Beggars
 55130 | Tomb:3   | Got a smoking jade amulet
 55131 | Tomb:3   | Identified the amulet "Jeigaceu" {Faith rC+ rN+ Stlth+} (You found it on level 3 of the Tomb of the Ancients)
 55164 | Tomb:3   | Noticed a greater mummy
 55190 | Tomb:3   | Killed a greater mummy
 55238 | Tomb:3   | Noticed a greater mummy
 55261 | Tomb:3   | Killed a greater mummy
 55339 | Tomb:3   | Noticed an ancient lich
 55347 | Tomb:3   | Killed an ancient lich
 55386 | Tomb:3   | Got a golden rune of Zot
 55685 | Tomb:1   | Got a scorched scarf {god gift}
 55696 | Tomb:1   | Identified the scarf "Boroch" {rN+ Int+4} (Okawaru gifted it to you on level 1 of the Tomb of the Ancients)
 56171 | Depths:1 | Entered Level 1 of the Depths
 56181 | Depths:1 | Found a gateway to Hell.
 56256 | Depths:1 | Found a gateway to a ziggurat.
 56257 | Depths:1 | Paralysed by a floating eye for 3 turns
 56266 | Depths:1 | Paralysed by a floating eye for 4 turns
 56273 | Depths:1 | Paralysed by a floating eye for 4 turns
 56280 | Depths:1 | Paralysed by a floating eye for 4 turns
 56320 | Depths:1 | Paralysed by a floating eye for 4 turns
 56740 | Depths:1 | Found a one-way gate to the infinite horrors of the Abyss.
 56926 | Depths:1 | Received a gift from Okawaru
 56939 | Depths:1 | Got a pair of distressingly furry gloves {god gift}
 56950 | Depths:1 | Identified the +3 pair of gloves of the World {MR+} (Okawaru gifted it to you on level 1 of the Depths)
 56997 | Depths:2 | Gained mutation: You are weak. (Str -2) [mutagenic meat]
 57003 | Depths:2 | Gained mutation: You occasionally shout uncontrollably at your foes. [mutagenic meat]
 57005 | Depths:2 | Lost mutation: You have supernaturally acute eyesight. (SInv) [mutagenic meat]
 57006 | Depths:2 | Lost mutation: You tend to lose your temper in combat. [mutagenic meat]
 57007 | Depths:2 | Gained mutation: You have hoof-like feet. [mutagenic meat]
 57014 | Depths:2 | Gained mutation: You have an increased reservoir of magic. (+10% MP) [mutagenic meat]
 57015 | Depths:2 | Lost mutation: You have hoof-like feet. [mutagenic meat]
 57016 | Depths:2 | Gained mutation: You possess an exceptional clarity of mind. [mutagenic meat]
 57402 | Depths:2 | Noticed Bai Suzhen
 57426 | Depths:2 | Killed Bai Suzhen
 57629 | Depths:2 | Found a one-way gate leading to the halls of Pandemonium.
 57639 | Depths:2 | Noticed Louise
 57649 | Depths:2 | Killed Louise
 57857 | Depths:2 | Found a runed gate.
 57857 | Depths:2 | Found a runed gate.
 57857 | Depths:2 | Found a runed gate.
 57864 | Depths:2 | Noticed a juggernaut
 57872 | Depths:2 | Killed a juggernaut
 57900 | Depths:2 | Got a scintillating steel ring
 57902 | Depths:2 | Identified the ring of Dawn {+Inv rF- AC+4 Int+4} (You found it on level 2 of the Depths)
 57915 | Depths:2 | Found a runed gate.
 57915 | Depths:2 | Found a runed gate.
 57915 | Depths:2 | Found a runed gate.
 57920 | Depths:2 | Got a transparent jade amulet
 57921 | Depths:2 | Identified the amulet of Kays {Gourm rF+} (You found it on level 2 of the Depths)
 58334 | Depths:3 | Received a gift from Okawaru
 59434 | Depths:5 | Entered Level 5 of the Depths
 59441 | Depths:5 | Found a flickering gateway to a bazaar.
 59465 | Bazaar   | Entered a bazaar
 59465 | Bazaar   | Found Boebod's Magic Scroll Shop.
 59465 | Bazaar   | Found Rajueruo's Armour Shop.
 59465 | Bazaar   | Found Visud's Armour Boutique.
 59465 | Bazaar   | Found Plog's Book Boutique.
 59476 | Bazaar   | Bought a scroll of magic mapping for 42 gold pieces
 59476 | Bazaar   | Bought a scroll of amnesia for 42 gold pieces
 59476 | Bazaar   | Bought a scroll of enchant armour for 90 gold pieces
 59476 | Bazaar   | Bought a scroll of fog for 24 gold pieces
 59476 | Bazaar   | Bought a scroll of remove curse for 36 gold pieces
 59476 | Bazaar   | Bought a scroll of enchant weapon for 90 gold pieces
 59476 | Bazaar   | Bought a scroll of remove curse for 36 gold pieces
 59476 | Bazaar   | Bought a scroll of enchant armour for 90 gold pieces
 59476 | Bazaar   | Bought a scroll of holy word for 90 gold pieces
 59476 | Bazaar   | Bought a scroll of identify for 24 gold pieces
 59476 | Bazaar   | Bought a scroll of remove curse for 36 gold pieces
 59478 | Bazaar   | Bought a scarf of resistance for 416 gold pieces
 59791 | D:10     | You paid a toll of +3 gold dragon scales to enter a treasure trove
 59792 | Trove    | Entered a treasure trove
 60187 | Depths:3 | Got a spiked cloak {god gift}
 60198 | Depths:3 | Identified the +0 cloak "Rukuzem" {rC+ rN+ rCorr} (Okawaru gifted it to you on level 3 of the Depths)
 60297 | Depths:5 | Found a runed door.
 60298 | Depths:5 | Found a runed door.
 60356 | Depths:5 | Found a runed warning-scrawled door.
 60639 | Depths:5 | Found a gate to the Realm of Zot.
 60956 | Depths:5 | Received a gift from Okawaru
 61561 | Hell     | Entered the Vestibule of Hell
 61561 | Hell     | Noticed Geryon
 61610 | Hell     | Killed Geryon
 61683 | Hell     | Found a gateway to the decaying netherworld of Tartarus.
 61692 | Tar:1    | Entered Level 1 of Tartarus
 61763 | Tar:2    | Lost mutation: Your spells are a little easier to cast, but a little less powerful. [evolution]
 61957 | Tar:3    | Received a gift from Okawaru
 61958 | Tar:3    | Got a bloodstained large shield {god gift}
 61969 | Tar:3    | Identified the +7 large shield of Dishonesty {Str+3 Stlth+} (Okawaru gifted it to you on level 3 of Tartarus)
 62137 | Tar:4    | You are sucked into a shaft for 2 floors!
 62234 | Tar:7    | Entered Level 7 of Tartarus
 62381 | Tar:7    | Identified the Reference Book on Bewitchment and Dark Magic
 62459 | Tar:7    | Noticed Ereshkigal
 62497 | Tar:7    | Killed Ereshkigal
 62543 | Tar:7    | Noticed the Serpent of Hell
 62573 | Tar:7    | Killed the Serpent of Hell
 62651 | Tar:7    | Got a bone rune of Zot
 62723 | Tar:7    | Received a gift from Okawaru
 62829 | Hell     | Found a gateway to the ashen valley of Gehenna.
 62887 | Geh:1    | Entered Level 1 of Gehenna
 63579 | Geh:7    | Entered Level 7 of Gehenna
 63974 | Geh:7    | Received a gift from Okawaru
 63975 | Geh:7    | Got a scorched war axe {god gift}
 63976 | Geh:7    | Identified the +9 war axe "Yschim" {chop, Fragile MR+ Str+2} (Okawaru gifted it to you on level 7 of Gehenna)
 64265 | Geh:7    | Noticed Asmodeus
 64288 | Geh:7    | Killed Asmodeus
 64295 | Geh:7    | Got an obsidian rune of Zot
 64508 | Hell     | Found a gateway to the Iron City of Dis.
 64515 | Dis:1    | Entered Level 1 of the Iron City of Dis
 64786 | Dis:2    | Lost mutation: You are weak. (Str -2) [evolution]
 64786 | Dis:2    | Lost mutation: You evolve. [end of evolution]
 64863 | Dis:3    | Received a gift from Okawaru
 65272 | Dis:4    | Reached skill level 15 in Dodging
 65563 | Dis:5    | Received a gift from Okawaru
 65597 | Dis:7    | Entered Level 7 of the Iron City of Dis
 66261 | Dis:7    | Received a gift from Okawaru
 66965 | Dis:7    | Got a bound copper ring
 66966 | Dis:7    | Identified the ring of the Sunfish {*Tele +Blink} (You found it on level 7 of the Iron City of Dis)
 67117 | Dis:7    | Got a shimmering copper amulet
 67118 | Dis:7    | Identified the amulet of Onuuvvi {Faith +Fly Str+5 Dex+4 Stlth+} (You found it on level 7 of the Iron City of Dis)
 67230 | Dis:7    | Identified the Tome of Evil Heat
 67441 | Dis:7    | Got an ancient bronze ring
 67442 | Dis:7    | Identified the ring of Lawkorch {rCorr rPois Str+4 Int-2} (You found it on level 7 of the Iron City of Dis)
 67443 | Dis:7    | Identified the Compendium of the Flamy Glacier
 67563 | Dis:7    | Got a pitted amber ring
 67564 | Dis:7    | Identified the ring "Qann" {Slay+4 SInv Stlth-} (You found it on level 7 of the Iron City of Dis)
 67580 | Dis:7    | Noticed Dispater
 67610 | Dis:7    | Killed Dispater
 67632 | Dis:7    | Got an iron rune of Zot
 67823 | Hell     | Found a gateway to the freezing wastes of Cocytus.
 67858 | Coc:1    | Entered Level 1 of Cocytus
 67939 | Coc:1    | Received a gift from Okawaru
 68968 | Coc:7    | Entered Level 7 of Cocytus
 69112 | Coc:7    | Received a gift from Okawaru
 69460 | Coc:7    | Got a pitted lead ring
 69461 | Coc:7    | Identified the ring "Cas Gego" {rF+ MP+9 Str+7} (You found it on level 7 of Cocytus)
 69486 | Coc:7    | Identified Sif Muna's Almanac of the Entourage
 69565 | Coc:7    | Noticed Antaeus
 69613 | Coc:7    | Killed Antaeus
 69635 | Coc:7    | Got an icy rune of Zot
 70006 | Pan      | Entered Pandemonium
 70080 | Pan      | Found a huge runed gate.
 70219 | Pan      | Found an exit through the horrors of the Abyss.
 70227 | Pan      | Gained mutation: You are clumsy. (Dex -2) [a cacodemon]
 70229 | Pan      | Lost mutation: You possess an exceptional clarity of mind. [a cacodemon]
 70230 | Pan      | Gained mutation: You expend magic power (3 MP) to strengthen your wands. [a cacodemon]
 70235 | Pan      | Received a gift from Okawaru
 70559 | Pan      | Found a white marble altar of Elyvilon.
 70637 | Pan      | Received a gift from Okawaru
 70699 | Pan      | Identified the +1 war axe of Terror {freeze, Int+5} (Okawaru gifted it to you in Pandemonium)
 71229 | Pan      | Found a glowing silver altar of Zin.
 71413 | Pan      | Noticed a seraph
 71436 | Pan      | Killed a seraph
 71436 | Pan      | Received a gift from Okawaru
 71442 | Pan      | Reached skill level 27 in Invocations
 71483 | Pan      | Found a glowing golden altar of the Shining One.
 71501 | Pan      | Got a demonic rune of Zot
 72064 | Pan      | Found an exit through the horrors of the Abyss.
 72064 | Pan      | Noticed Coden the pandemonium lord
 72079 | Pan      | Killed Coden the pandemonium lord
 72317 | Pan      | Received a gift from Okawaru
 72370 | Pan      | Gained mutation: You are weak. (Str -2) [a cacodemon]
 72566 | Pan      | Noticed Guxugoc the pandemonium lord
 72584 | Pan      | Killed Guxugoc the pandemonium lord
 72792 | Pan      | Received a gift from Okawaru
 72828 | Pan      | Gained mutation: Your body sometimes deteriorates upon taking damage. [a cacodemon]
 72836 | Pan      | Got a pair of encrusted boots
 72847 | Pan      | Identified the +0 pair of boots of Atheism {+Blink rC- rN+ Dex+4} (You acquired it in Pandemonium)
 72860 | Pan      | Got a brightly glowing crystal plate armour
 72861 | Pan      | Identified the +12 crystal plate armour of the Old World {rC+ rN+} (You acquired it in Pandemonium)
 72884 | Pan      | Identified a +0 pair of boots of running (You acquired it in Pandemonium)
 72898 | Pan      | Found an exit through the horrors of the Abyss.
 72905 | Pan      | Entered the realm of Lom Lobon.
 73007 | Pan      | Found an exit through the horrors of the Abyss.
 73355 | Pan      | Noticed Lom Lobon
 73390 | Pan      | Killed Lom Lobon
 73398 | Pan      | Got a magical rune of Zot
 73551 | Pan      | Entered the realm of Cerebov.
 73584 | Pan      | Noticed Cerebov
 73614 | Pan      | Received a gift from Okawaru
 73658 | Pan      | Killed Cerebov
 73668 | Pan      | Received a gift from Okawaru
 73715 | Pan      | Got a fiery rune of Zot
 73751 | Pan      | Identified the +0 pair of boots of Hepliaklqana's Hope {*Contam Str+3} (You found it in Pandemonium)
 73753 | Pan      | Got a crude lapis lazuli ring
 73754 | Pan      | Identified the ring of Tailai {rPois rF+ rN++ Str+2 Dex-3} (You found it in Pandemonium)
 73755 | Pan      | Identified the Tome of Translocation
 73909 | Pan      | Got a glittering bronze ring
 73910 | Pan      | Identified the ring "Fasofor" {rF+ MR+} (You found it in Pandemonium)
 73914 | Pan      | Identified the Disquisition on Frigorific Companions
 73918 | Pan      | Identified Modehuola's Guide on Dusty Flight
 74286 | Pan      | Found an exit through the horrors of the Abyss.
 74574 | Pan      | Found an exit through the horrors of the Abyss.
 74778 | Pan      | Noticed Otudgheste the pandemonium lord
 74790 | Pan      | Killed Otudgheste the pandemonium lord
 74830 | Pan      | Found an exit through the horrors of the Abyss.
 74943 | Pan      | Received a gift from Okawaru
 74956 | Pan      | Got a pair of slimy gloves {god gift}
 74967 | Pan      | Identified the +0 pair of gloves of the Catfish {Slay+3 SInv} (Okawaru gifted it to you in Pandemonium)
 75011 | Pan      | Noticed Avar the pandemonium lord
 75019 | Pan      | Gained mutation: You are frail. (-10% HP) [a cacodemon]
 75039 | Pan      | Killed Avar the pandemonium lord
 75052 | Pan      | Got a pair of encrusted boots
 75063 | Pan      | Identified the +0 pair of boots of a bailey {+Blink rN+ Regen+ Dex-5} (You acquired it in Pandemonium)
 75294 | Pan      | Lost mutation: You occasionally shout uncontrollably at your foes. [potion of mutation]
 75294 | Pan      | Lost mutation: You are clumsy. (Dex -2) [potion of mutation]
 75294 | Pan      | Lost mutation: You are weak. (Str -2) [potion of mutation]
 75294 | Pan      | Lost mutation: Your mind is acute. (Int +2) [potion of mutation]
 75294 | Pan      | Lost mutation: You have large cloven feet. [potion of mutation]
 75294 | Pan      | Lost mutation: You have an increased reservoir of magic. (+10% MP) [potion of mutation]
 75294 | Pan      | Lost mutation: You are frail. (-10% HP) [potion of mutation]
 75294 | Pan      | Gained mutation: You passively map a small area around you. [potion of mutation]
 75294 | Pan      | Gained mutation: You are robust. (+10% HP) [potion of mutation]
 75294 | Pan      | Gained mutation: You possess an exceptional clarity of mind. [potion of mutation]
 75317 | Pan      | Lost mutation: You are robust. (+10% HP) [a cacodemon]
 75324 | Pan      | Gained mutation: Your spells are a little easier to cast, but a little less powerful. [a cacodemon]
 75336 | Pan      | Gained mutation: You are clumsy. (Dex -2) [a cacodemon]
 75428 | Pan      | Noticed Kyfic the pandemonium lord
 75562 | Pan      | Killed Kyfic the pandemonium lord
 75626 | Pan      | Received a gift from Okawaru
 75677 | Pan      | Entered the realm of Gloorx Vloq.
 75860 | Pan      | Found an exit through the horrors of the Abyss.
 76172 | Pan      | Noticed Gloorx Vloq
 76186 | Pan      | Killed Gloorx Vloq
 76189 | Pan      | Received a gift from Okawaru
 76203 | Pan      | Got a dark rune of Zot
 76579 | Pan      | Gained mutation: Your magical capacity is low. (-10% MP) [a cacodemon]
 76600 | Pan      | Found a runed door.
 76604 | Pan      | Found a runed door.
 76605 | Pan      | Found a runed door.
 76608 | Pan      | Noticed Polodin the pandemonium lord
 76610 | Pan      | Gained mutation: You are very dopey. (Int -4) [a neqoxec]
 76612 | Pan      | Found a runed door.
 76625 | Pan      | Killed Polodin the pandemonium lord
 76667 | Pan      | Noticed Uduaq the pandemonium lord
 76724 | Pan      | Killed Uduaq the pandemonium lord
 76738 | Pan      | Found an exit through the horrors of the Abyss.
 76763 | Pan      | Received a gift from Okawaru
 76890 | Pan      | Entered the realm of Mnoleg.
 77012 | Pan      | Gained mutation: Scrolls take you a little longer to read. [a neqoxec]
 77024 | Pan      | Gained mutation: You are very clumsy. (Dex -4) [a neqoxec]
 77027 | Pan      | Lost mutation: You are dopey. (Int -2) [potion of mutation]
 77027 | Pan      | Lost mutation: Scrolls take you a little longer to read. [potion of mutation]
 77027 | Pan      | Lost mutation: Your magical capacity is low. (-10% MP) [potion of mutation]
 77027 | Pan      | Gained mutation: You have large cloven feet. [potion of mutation]
 77027 | Pan      | Gained mutation: Your muscles are strong. (Str +2) [potion of mutation]
 77027 | Pan      | Gained mutation: Your system is resistant to poisons. (rPois) [potion of mutation]
 77030 | Pan      | Lost mutation: Your muscles are strong. (Str +2) [a neqoxec]
 77031 | Pan      | Lost mutation: Your spells are a little easier to cast, but a little less powerful. [a neqoxec]
 77051 | Pan      | Lost mutation: You possess an exceptional clarity of mind. [a shining eye]
 77060 | Pan      | Gained mutation: Your body often deteriorates upon taking damage. [a shining eye]
 77093 | Pan      | Gained mutation: You occasionally shout uncontrollably at your foes. [a cacodemon]
 77150 | Pan      | Gained mutation: You tend to lose your temper in combat. [a neqoxec]
 77150 | Pan      | Paralysed by a floating eye for 2 turns
 77154 | Pan      | Gained mutation: Scrolls take you a little longer to read. [a cacodemon]
 77159 | Pan      | Gained mutation: Potions are less effective at restoring your health. [a cacodemon]
 77167 | Pan      | Gained mutation: Your magical capacity is low. (-10% MP) [a cacodemon]
 77169 | Pan      | Lost mutation: Potions are less effective at restoring your health. [potion of mutation]
 77169 | Pan      | Lost mutation: Your magical capacity is low. (-10% MP) [potion of mutation]
 77169 | Pan      | Lost mutation: Scrolls take you a little longer to read. [potion of mutation]
 77169 | Pan      | Lost mutation: Your system is resistant to poisons. (rPois) [potion of mutation]
 77169 | Pan      | Gained mutation: You evolve. [potion of mutation]
 77169 | Pan      | Gained mutation: Your flesh is cold resistant. (rC+) [potion of mutation]
 77179 | Pan      | Noticed Mnoleg
 77181 | Pan      | Paralysed by a floating eye for 3 turns
 77210 | Pan      | Killed Mnoleg
 77214 | Pan      | Gained mutation: Potions are less effective at restoring your health. [a neqoxec]
 77217 | Pan      | Gained mutation: You are robust. (+10% HP) [a neqoxec]
 77286 | Pan      | Got a glowing rune of Zot
 77311 | Pan      | Identified the +12 war axe of Javu {chop, *Noise +Inv rPois MP+9} (You found it in Pandemonium)
 77340 | Pan      | Received a gift from Okawaru
 77344 | Pan      | Gained mutation: Your magical capacity is low. (-10% MP) [a cacodemon]
 77376 | Pan      | Gained mutation: Your magical capacity is very low. (-20% MP) [a neqoxec]
 77377 | Pan      | Gained mutation: You are weak. (Str -2) [a neqoxec]
 77381 | Pan      | Gained mutation: You sometimes yell uncontrollably at your foes. [a neqoxec]
 77390 | Pan      | Gained mutation: Your magical capacity is extremely low. (-30% MP) [a neqoxec]
 77414 | Pan      | Lost mutation: You expend magic power (3 MP) to strengthen your wands. [potion of mutation]
 77414 | Pan      | Lost mutation: Your magical capacity is extremely low. (-30% MP) [potion of mutation]
 77414 | Pan      | Lost mutation: Your magical capacity is very low. (-20% MP) [potion of mutation]
 77414 | Pan      | Lost mutation: You have large cloven feet. [potion of mutation]
 77414 | Pan      | Lost mutation: You are weak. (Str -2) [potion of mutation]
 77415 | Pan      | Lost mutation: Potions are less effective at restoring your health. [potion of mutation]
 77415 | Pan      | Lost mutation: Your magical capacity is low. (-10% MP) [potion of mutation]
 77415 | Pan      | Lost mutation: You passively map a small area around you. [potion of mutation]
 77415 | Pan      | Lost mutation: You are very clumsy. (Dex -4) [potion of mutation]
 77415 | Pan      | Gained mutation: You passively map a small area around you. [potion of mutation]
 77576 | Pan      | Identified the Catalogue of Poison and Snow
 77766 | Depths:4 | Escaped Pandemonium
 77838 | Zot:1    | Entered Level 1 of the Realm of Zot
 77866 | Zot:1    | Lost mutation: You are clumsy. (Dex -2) [evolution]
 78200 | Zot:1    | Noticed an orb of fire
 78219 | Zot:1    | Killed an orb of fire
 78219 | Zot:1    | Reached skill level 27 in Axes
 78234 | Zot:1    | Received a gift from Okawaru
 78576 | Zot:4    | Received a gift from Okawaru
 78754 | Zot:5    | Entered Level 5 of the Realm of Zot
 78936 | Zot:5    | Noticed an ancient lich
 78943 | Zot:5    | Killed an ancient lich
 78961 | Zot:5    | Noticed an ancient lich
 78978 | Zot:5    | Killed an ancient lich
 79013 | Zot:4    | Found a basalt altar of Yredelemnul.
 79026 | Zot:4    | Identified the Papyrus of the Zealot
 79065 | Zot:4    | Reached skill level 27 in Fighting
 79129 | Zot:4    | Identified Qunoxosm's Papyrus of Fire and Brimstone
 79217 | Zot:4    | Received a gift from Okawaru
 79649 | Zig:1    | Entered Level 1 of a ziggurat
 79650 | Zig:1    | Noticed Owkesek the pandemonium lord
 79658 | Zig:1    | Killed Owkesek the pandemonium lord
 79672 | Zig:2    | Entered Level 2 of a ziggurat
 79695 | Zig:3    | Entered Level 3 of a ziggurat
 79723 | Zig:4    | Entered Level 4 of a ziggurat
 79744 | Zig:4    | Got a bound iron ring
 79745 | Zig:4    | Identified the ring "Fokhauc" {rC+ Int+6 Slay+1} (You found it on level 4 of a ziggurat)
 79752 | Zig:5    | Entered Level 5 of a ziggurat
 79759 | Zig:5    | Noticed a juggernaut
 79770 | Zig:5    | Killed a juggernaut
 79781 | Zig:5    | Got a faintly glowing golden ring
 79798 | Zig:5    | Identified the cursed ring of Loiw {+Blink Str-2 Dex+2} (You found it on level 5 of a ziggurat)
 79801 | Zig:6    | Entered Level 6 of a ziggurat
 79833 | Zig:6    | Identified Vaqani Hace's Catalogue of Congealing Shape Shifting
 79848 | Zig:7    | Entered Level 7 of a ziggurat
 79917 | Zig:8    | Entered Level 8 of a ziggurat
 79975 | Zig:9    | Entered Level 9 of a ziggurat
 79994 | Zig:9    | Reached skill level 27 in Armour
 80022 | Zig:9    | Identified the cursed -3 shield of the Hills {rCorr Str+4 Slay+4} (You found it on level 9 of a ziggurat)
 80025 | Zig:10   | Entered Level 10 of a ziggurat
 80036 | Zig:10   | Reached skill level 27 in Shields
 80062 | Zig:10   | Got a brightly glowing bone ring
 80063 | Zig:10   | Identified the cursed ring "Aces" {*Drain rPois MR+++ Str-3 Int-5} (You found it on level 10 of a ziggurat)
 80070 | Zig:11   | Entered Level 11 of a ziggurat
 80098 | Zig:11   | Received a gift from Okawaru
 80120 | Zig:11   | Identified the Compendium of Mutagenic Translocation
 80126 | Zig:12   | Entered Level 12 of a ziggurat
 80137 | Zig:12   | Noticed Wettao the pandemonium lord
 80154 | Zig:12   | Received a gift from Okawaru
 80177 | Zig:12   | Killed Wettao the pandemonium lord
 80195 | Zig:12   | Got a scorched ivory amulet
 80196 | Zig:12   | Identified the amulet of the Mantidfly {RegenMP Int+3} (You found it on level 12 of a ziggurat)
 80292 | Zig:13   | Entered Level 13 of a ziggurat
 80308 | Zig:13   | Gained mutation: You have large cloven feet. [a neqoxec]
 80314 | Zig:13   | Gained mutation: You are weak. (Str -2) [a neqoxec]
 80364 | Zig:13   | Identified Miasan's Guide on Shifting Good Luck
 80432 | Zig:14   | Entered Level 14 of a ziggurat
 80442 | Zig:14   | Noticed Misy the pandemonium lord
 80443 | Zig:14   | Noticed Zuoser the pandemonium lord
 80445 | Zig:14   | Noticed Qyutheqaol the pandemonium lord
 80447 | Zig:14   | Noticed Mohep the pandemonium lord
 80447 | Zig:14   | Noticed Xiapobbe the pandemonium lord
 80469 | Zig:14   | Killed Zuoser the pandemonium lord
 80473 | Zig:14   | Killed Qyutheqaol the pandemonium lord
 80475 | Zig:14   | Paralysed by Xiapobbe for 6 turns
 80482 | Zig:14   | Killed from afar by a Brimstone Fiend

Skill      XL: |  1  2  3  4  5  6  7  8  9 10 11 12 13 14 15 16 17 18 19 20 21 22 23 24 25 26 27 |
---------------+----------------------------------------------------------------------------------+-----
Axes           | 2 3 4 5 6 7 9 10 11 12 13 14 16 17 18 19 20 21 22 27 | 27.0
Shields        | 3 4 5 7 8 9 10 11 12 13 14 15 16 17 18 19 20 27 | 27.0
Armour         | 3 4 5 6 7 8 9 10 11 12 13 14 15 16 17 19 20 27 | 27.0
Invocations    | 2 3 4 5 7 9 10 11 12 14 17 27 | 27.0
Fighting       | 4 5 6 7 8 9 10 11 12 13 14 15 16 17 18 19 20 27 | 27.0
Evocations     | 1 3 5 7 8 9 10 11 | 11.4
Dodging        | 4 7 9 23 | 23.6

Action                   |  1- 3 |  4- 6 |  7- 9 | 10-12 | 13-15 | 16-18 | 19-21 | 22-24 | 25-27 || total
-------------------------+-------+-------+-------+-------+-------+-------+-------+-------+-------++-------
Melee: War axe           |   122 |    83 |   408 |   549 |  1293 |   310 |       |       |       ||  2765
       Headbutt          |       |     9 |    85 |   241 |   405 |   505 |   646 |   522 |  2986 ||  5399
       Broad axe         |       |       |       |   332 |       |  1155 |  1484 |  1297 |  7926 || 12194
       Spear             |       |       |       |    16 |    84 |       |       |       |       ||   100
Invok: Heroism           |       |     2 |     2 |     8 |     3 |     4 |     5 |     4 |    24 ||    52
       Finesse           |       |       |       |     6 |     1 |       |     3 |     2 |    18 ||    30
 Abil: Evoke Berserk Rag |       |       |       |     9 |     8 |    10 |     5 |     3 |       ||    35
       Blink             |       |       |       |       |       |       |       |       |     1 ||     1
Evoke: Wand              |       |       |       |     3 |     1 |     3 |       |       |     7 ||    14
       Lightning rod     |       |       |       |       |     4 |       |       |     4 |     4 ||    12
       Fan of gales      |       |       |       |       |       |       |     1 |       |       ||     1
       Figurine of a zig |       |       |       |       |       |       |       |       |     1 ||     1
  Use: Scroll            |       |       |       |       |       |    44 |     4 |     6 |    52 ||   106
       Potion            |       |       |       |       |       |     2 |    12 |     4 |    52 ||    70
 Stab: Paralysed         |       |       |       |     3 |       |       |       |       |       ||     3
       Distracted        |       |       |       |       |       |       |     1 |     2 |     3 ||     6
  Eat: Chunk             |     2 |     3 |    11 |    19 |    19 |    16 |    29 |     7 |    29 ||   135
       Fruit             |       |       |     1 |     3 |     9 |     4 |       |     8 |    20 ||    45
       Royal jelly       |       |       |       |     5 |     4 |     3 |       |     3 |    15 ||    30
       Meat ration       |       |       |       |     2 |     3 |     4 |     3 |     1 |    12 ||    25
Armor: Scale mail        |    36 |       |       |       |       |       |       |       |       ||    36
       Chain mail        |    31 |    41 |   223 |       |       |       |       |       |       ||   295
       Plate armour      |       |       |    15 |   335 |       |       |       |       |       ||   350
       Crystal plate arm |       |       |       |    63 |   879 |   743 |   518 |   411 |  1894 ||  4508
Dodge: Dodged            |    22 |    19 |    90 |   118 |   127 |   163 |   152 |   150 |  2092 ||  2933
Block: Shield            |    83 |    95 |   380 |   754 |  1388 |  1547 |  1395 |   500 |       ||  6142
       Large shield      |       |       |       |       |       |       |       |  1014 | 10322 || 11336
       Other             |       |       |       |       |       |       |       |       |     5 ||     5
